 Dungeon Crawl Stone Soup version 0.29.1-1-gd02db6906a (webtiles) character file.

Game seed: 7547288844699899657

132801 Kahsius the Executioner (level 16, -12/168 HPs)
             Began as a Minotaur Berserker on Sept 23, 2022.
             Was a High Priest of Trog.
             Succumbed to poison
             ... while paralysed by a fenstrider witch
             ... on level 2 of the Swamp on Oct 3, 2022.
             The game lasted 01:03:46 (26366 turns).

Kahsius the Executioner (Minotaur Berserker)       Turns: 26366, Time: 01:03:47

Health: -12/168    AC:  5    Str: 27    XL:     16   Next: 58%
Magic:  15/15      EV:  2    Int:  4    God:    Trog [*****.]
Gold:   387        SH:  0    Dex: 13    Spells: 15/15 levels left

rFire   . . .      SeeInvis .   E - +8 executioner's axe (flame)
rCold   . . .      Faith    .   (shield currently unavailable)
rNeg    . . .      Spirit   .   (no body armour)
rPois   .          Reflect  +   w - +2 hat {Stlth+}
rElec   .          Harm     +   G - scarf {harm}
rCorr   +          Rampage  +   P - +1 pair of gloves "Acko" {rCorr}
Will    +....                   N - +0 pair of boots {rampage}
Stlth   +.........              k - amulet of reflection
HPRegen 0.38/turn               u - +4 ring of slaying
MPRegen 0.14/turn               V - +4 ring of evasion

@: paralysed, lethally poisoned (-12 -> -48), very slow
A: horns 2, retaliatory headbutt
a: Renounce Religion, Berserk, Trog's Hand, Brothers in Arms


You were on level 2 of the Swamp.
You worshipped Trog.
Trog was extremely pleased with you.
You visited 4 branches of the dungeon, and saw 24 of its levels.

You collected 2103 gold pieces.
You spent 1716 gold pieces at shops.

Inventory:

Hand Weapons
 E - a +8 executioner's axe of flaming (weapon)
 M - a +1 battleaxe of freezing
 X - a +0 antimagic battleaxe
Armour
 w - a +2 hat of stealth (worn)
 G - a scarf of harm (worn)
 J - a +2 scale mail of poison resistance
 N - a +0 pair of boots of rampaging (worn)
 P - the +1 pair of gloves "Acko" (worn) {rCorr}
   (You bought it in a shop on level 2 of the Orcish Mines)

   rCorr:     It protects you from acid and corrosion.
Jewellery
 e - a ring of flight
 k - an amulet of reflection (around neck)
 u - a +4 ring of slaying (left hand)
 v - a ring of resist corrosion
 z - a ring of protection from cold
 H - a ring of positive energy
 R - a +6 ring of strength
 V - a +4 ring of evasion (right hand)
 W - a ring of poison resistance
Wands
 t - a wand of quicksilver (7)
 Q - a wand of charming (11)
Scrolls
 a - a scroll of brand weapon
 b - 3 scrolls of blinking
 c - 2 scrolls of torment
 d - 11 scrolls of teleportation
 f - 3 scrolls of silence
 j - 3 scrolls of magic mapping
 l - 5 scrolls of amnesia
 m - 4 scrolls of summoning
 n - 5 scrolls of butterflies
 o - 4 scrolls of enchant armour
 r - a scroll of immolation
 y - 8 scrolls of poison
 D - 2 scrolls of fear
 I - 2 scrolls of identify
 U - 2 scrolls of vulnerability
Potions
 g - 3 potions of brilliance
 h - 5 potions of attraction
 i - 6 potions of might
 p - 2 potions of invisibility
 q - 11 potions of heal wounds
 s - a potion of cancellation
 x - 2 potions of mutation
 A - 6 potions of lignification
 C - 3 potions of ambrosia
 L - 7 potions of curing
 O - 2 potions of flight
 S - 2 potions of resistance


   Skills:
 + Level 21.9 Fighting
 + Level 22.7 Axes
 + Level 10.5 Armour
 + Level 9.7 Dodging


You had 15 spell levels left.
You didn't know any spells.
Your spell library was empty.

Dungeon Overview and Level Annotations

Branches:
Dungeon (15/15)            Temple (0/1) D:6            Lair (5/5) D:9
  Swamp (2/4) Lair:3        Snake (0/4) Lair:2        Slime (0/5) Lair:4
    Orc (2/2) D:11            Elf (0/3) Orc:2        Vaults (0/5) D:13
 Depths (0/4) D:15

Altars:
Ashenzari
Cheibriados
Kikubaaqudgha
Makhleb
Ru
Wu Jian
The Shining One
Jiyva

Shops:
D:5 *   D:9 ?:(   D:10 [   D:15 !(:!(   Orc:2 !:[*

Annotations:
D:10 exclusion: 2 oklob saplings
D:15 Roxanne
Lair:4 exclusion: oklob plant


Innate Abilities, Weirdness & Mutations

You have a pair of horns on your head.
You reflexively headbutt those who attack you in melee.


Message History

The will-o-the-wisp conjures some foxfire! 2 foxfires come into view.
You are too injured to fight recklessly!
You slice the foxfire!!
The foxfire is moderately damaged.
You carve the foxfire like a ham!!!
You slice the will-o-the-wisp like a ripe choko!!!
You destroy the will-o-the-wisp!
Trog accepts your kill.
You fester in the toxic bog!
You are more poisoned.
You feel very sick.
You can't go up here!
You can't go down here!
You barely miss the bog body. You slice the fenstrider witch!!
You burn the fenstrider witch.
You fester in the toxic bog.
You are more poisoned.
You feel extremely sick.
The fenstrider witch hits you but does no damage.
The fenstrider witch kicks you!!
* * * LOW HITPOINT WARNING * * *
A swamp worm comes into view.
You feel better.
The fenstrider witch casts a spell at you.
You struggle to resist.
The bog body casts a spell at you. You resist with some effort.
The fenstrider witch casts a spell at you.
You suddenly lose the ability to move!
The bog body casts a spell at you. You resist with some effort.
The fenstrider witch casts a spell at you.
The toxic sludge hits you!!
You are poisoned.
* * * LOW HITPOINT WARNING * * *
Splash!
You fall into the toxic bog.
Moving in this stuff is going to be slow.
You fester in the toxic bog!!
You are more poisoned.
You die...

.♣§~~~~.....~§~..
~...~~~~...~..~~.~
~~~~.~~~.~..~~~~~~
~~..~...~.~~~~~~~§
~~~...~~~.~~~~~~~~
~~~~~~....§~~~~~..
~~~~~~~....~~~.~♣
~~~~~~~~~~....~♣
~~~~~~~~~.@..~♣♣
~§~~~~~~†Hn♣~♣♣
.~~~~~~.~~.♣ ♣
..~~~~§>~~..~§v.~
♣.<§.....~.......
♣♣~..♣♣~.~~~.~♣♣♣
♣~♣♣ ♣...~~~.♣ ~~
♣~.~~.....
♣♣♣♣~...♣.~


You could see a fenstrider witch and a bog body.

Vanquished Creatures
  Jorgrun (D:14)
  Frances (D:14)
  Agnes (D:15)
  Louise (D:15)
  2 eleionomae
  Snorg (D:11)
  Josephine (Orc:1)
  A vault guard (D:13)
  2 ogre magi (D:15)
  2 ghost crabs (Swamp:1)
  9 hydras
  9 two-headed ogres
  4 centaur warriors
  2 boulder beetles
  A catoblepas (Lair:4)
  2 alligators (Swamp:1)
  3 death yaks
  A shock serpent (shapeshifter) (D:14)
  2 spriggans (Swamp:1)
  5 skeletal warriors (D:13)
  A shadow wraith (D:13)
  2 goliath frogs
  A spriggan druid (Swamp:1)
  A bog body (Lair:3)
  A deep elf zephyrmancer (D:15)
  A wizard (D:15)
  A necromancer (D:15)
  4 cyclopes
  2 spectral boulder beetles (D:11)
  2 orc knights (D:15)
  A wolf spider (Lair:5)
  9 orc sorcerers
  A wolf spider zombie (D:15)
  2 deep elf pyromancers
  7 ugly things
  A will-o-the-wisp (Swamp:2)
  A manticore (D:13)
  2 spectral centaurs (D:11)
  4 black mambas (Lair:2)
  10 elephants
  2 centaur skeletons (D:11)
  16 cane toads
  A naga mage (D:15)
  A torpor snail (Lair:5)
  Maggie (D:7)
  3 rime drakes
  4 komodo dragons
  An unseen horror zombie (D:8)
  A polar bear (Lair:3)
  A merfolk (shapeshifter) (D:15)
  5 trolls
  3 meliai (D:15)
  A meliai (shapeshifter) (D:15)
  8 tyrant leeches
  A queen bee (shapeshifter) (D:14)
  A tarantella (shapeshifter) (D:15)
  3 hornets
  20 blink frogs
  28 slime creatures
  11 flying skulls (D:11)
  2 centaur simulacra
  4 dream sheep (Lair:1)
  A spectral black mamba (D:11)
  11 wraiths
  3 shadows
  A vampire (D:11)
  9 wyverns
  56 yaks
  5 basilisks
  3 fire bats (Orc:2)
  13 vampire mosquitoes
  11 wargs
  Edmund (D:5)
  3 acid dragons
  10 swamp worms
  20 water moccasins
  2 swamp drakes
  A boulder beetle simulacrum (D:11)
  11 orc warriors
  A sky beast (D:6)
  2 ice beasts
  3 wolves (Lair:2)
  3 black bears
  9 ogres
  A black mamba simulacrum (D:11)
  13 centaurs
  2 kobold brigands
  15 bullfrogs
  3 scorpions
  13 wights
  13 killer bees
  A howler monkey (D:7)
  2 vampire bats (Lair:4)
  6 electric eels
  6 centaur zombies
  4 hounds
  3 orc priests
  4 jellies
  5 iguanas
  12 hell rats
  32 orc wizards
  A boggart skeleton (D:15)
  A killer bee zombie (D:8)
  3 howler monkey zombies (D:8)
  A gnoll (D:1)
  8 adders
  5 river rats
  2 shadow imps
  2 white imps (D:5)
  2 worms
  A dart slug (D:1)
  66 orcs
  14 ball pythons
  9 bats
  9 endoplasms
  4 giant cockroaches
  4 goblins
  7 hobgoblins
  3 quokkas
  3 frilled lizards
  13 kobolds
  15 rats
  A plant (Lair:2)
711 creatures vanquished.

Vanquished Creatures (collateral kills)
  A two-headed ogre (D:15)
  An ogre (D:15)
2 creatures vanquished.

Vanquished Creatures (others)
  2 orc wizards (Orc:2)
  A bush (D:10)
  8 foxfires (Swamp:2)
  33 fungi
  112 plants
  2 withered plants (D:8)
158 creatures vanquished.

Grand Total: 871 creatures vanquished

Notes
Turn   | Place    | Note
-------+----------+-------------------------------------------
     0 | D:1      | Kahsius the Minotaur Berserker began the quest for the Orb.
     0 | D:1      | Reached XP level 1. HP: 19/19 MP: 0/0
   327 | D:1      | Reached XP level 2. HP: 27/27 MP: 1/1
   682 | D:1      | Reached skill level 4 in Axes
   913 | D:1      | Reached XP level 3. HP: 30/33 MP: 2/2
  1048 | D:2      | Found a faded altar of an unknown god.
  1379 | D:2      | Reached ** piety under Trog
  1796 | D:3      | Found a burning altar of Makhleb.
  1812 | D:3      | Found a snail-covered altar of Cheibriados.
  1852 | D:3      | Found a broken altar of Ashenzari.
  2182 | D:3      | Noticed a black bear
  2185 | D:3      | Killed a black bear
  2186 | D:3      | Reached skill level 5 in Fighting
  2186 | D:3      | Reached skill level 5 in Axes
  2186 | D:3      | Reached XP level 4. HP: 42/42 MP: 3/3
  2186 | D:3      | Reached XP level 5. HP: 48/48 MP: 4/4
  2396 | D:4      | Identified the +10 quarterstaff of Upheaval {drain, rElec
                  | SInv Stlth+}
  3676 | D:5      | Entered Level 5 of the Dungeon
  3676 | D:5      | Found Sutoelok's General Store.
  3679 | D:5      | Bought a +0 war axe for 49 gold pieces
  3688 | D:5      | Reached skill level 6 in Axes
  3824 | D:5      | Noticed Edmund
  3838 | D:5      | Killed Edmund
  3839 | D:5      | Reached XP level 6. HP: 24/58 MP: 5/5
  4347 | D:5      | Reached skill level 7 in Axes
  4445 | D:5      | Reached XP level 7. HP: 66/66 MP: 6/6
  4512 | D:5      | Reached *** piety under Trog
  5008 | D:5      | Found an ancient bone altar of Kikubaaqudgha.
  5019 | D:5      | Reached skill level 8 in Axes
  5593 | D:6      | Found a staircase to the Ecumenical Temple.
  5603 | D:6      | Reached XP level 8. HP: 34/75 MP: 7/7
  6251 | D:6      | Reached skill level 9 in Axes
  6293 | D:6      | Found an ornate altar of the Wu Jian Council.
  6617 | D:6      | Identified the +1 leather armour "Xytimin" {rF+ Str+2 Int-3
                  | Stlth+}
  6873 | D:7      | Reached skill level 10 in Fighting
  6873 | D:7      | Reached skill level 10 in Axes
  7162 | D:7      | Noticed Maggie
  7173 | D:7      | Killed Maggie
  7174 | D:7      | Reached XP level 9. HP: 86/86 MP: 8/8
  7185 | D:7      | Reached skill level 11 in Axes
  7644 | D:8      | Reached **** piety under Trog
  7691 | D:8      | Noticed a two-headed ogre
  7706 | D:8      | Killed a two-headed ogre
  7707 | D:8      | Reached skill level 12 in Axes
  7733 | D:8      | HP: 2/91 [yak (5)]
  8110 | D:8      | Reached XP level 10. HP: 93/99 MP: 9/9
  8209 | D:8      | Reached skill level 13 in Axes
  8322 | D:8      | Found a glowing golden altar of the Shining One.
  9070 | D:9      | Reached skill level 14 in Axes
  9244 | D:9      | Found a sacrificial altar of Ru.
  9356 | D:9      | Found Zoliff's Antique Weapon Boutique.
  9363 | D:9      | You fall into a shaft and drop 2 floors!
  9366 | D:10     | Entered Level 10 of the Dungeon
  9366 | D:10     | Found Zaofouc's Armour Boutique.
  9369 | D:10     | Bought a +2 scale mail of poison resistance for 234 gold
                  | pieces
  9443 | D:10     | Reached XP level 11. HP: 111/111 MP: 10/10
  9798 | D:10     | Reached skill level 15 in Fighting
  9798 | D:10     | Reached skill level 15 in Axes
 10563 | D:11     | Reached ***** piety under Trog
 10941 | D:11     | Noticed a two-headed ogre
 10949 | D:11     | Killed a two-headed ogre
 10950 | D:11     | Reached skill level 16 in Axes
 11313 | D:11     | Noticed Snorg
 11344 | D:11     | Killed Snorg
 11419 | D:10     | Bought a +0 pair of boots of rampaging for 149 gold pieces
 11571 | D:11     | Reached XP level 12. HP: 122/122 MP: 11/11
 11573 | D:11     | Reached skill level 17 in Axes
 11805 | D:11     | Identified the +3 trident of Terra Nullius {venom, rElec
                  | rF+++ Will- Stlth+}
 11814 | D:11     | Found an ancient bone altar of Kikubaaqudgha.
 11848 | D:11     | Identified the +2 scale mail of the Beloved Grue {Regen+
                  | Str+4}
 12050 | D:11     | Found a staircase to the Orcish Mines.
 12496 | D:12     | Noticed a boulder beetle
 12505 | D:12     | Killed a boulder beetle
 12506 | D:12     | Reached skill level 18 in Axes
 12829 | D:12     | Reached skill level 19 in Axes
 13314 | Orc:1    | Entered Level 1 of the Orcish Mines
 13379 | Orc:1    | Received a gift from Trog
 13665 | Orc:1    | Noticed Josephine
 13670 | Orc:1    | Killed Josephine
 13681 | Orc:1    | Reached XP level 13. HP: 125/133 MP: 12/12
 13761 | Orc:2    | Entered Level 2 of the Orcish Mines
 13830 | Orc:2    | Found a staircase to the Elven Halls.
 13981 | Orc:2    | Found Ruodetym's Armour Boutique.
 13981 | Orc:2    | Found Juntax's Assorted Antiques.
 13981 | Orc:2    | Received a gift from Trog
 13993 | Orc:2    | Reached skill level 20 in Axes
 14004 | Orc:2    | Bought a +1 cloak for 126 gold pieces
 14004 | Orc:2    | Bought the +1 pair of gloves "Acko" {rCorr} for 243 gold
                  | pieces
 14085 | Orc:2    | Bought a scroll of identify for 46 gold pieces
 14197 | Orc:2    | Found a dark tunnel.
 14304 | Orc:2    | Found Huevvu's Distillery.
 14304 | Orc:2    | Found Wonoseywk's Book Emporium.
 14314 | Orc:2    | Bought a potion of curing for 48 gold pieces
 14314 | Orc:2    | Bought a potion of curing for 48 gold pieces
 14314 | Orc:2    | Bought a potion of curing for 48 gold pieces
 14314 | Orc:2    | Bought a potion of heal wounds for 80 gold pieces
 14942 | D:13     | Reached ****** piety under Trog
 15153 | D:13     | Found a gate to the Vaults.
 15359 | D:9      | Found Geirgh's Book Shop.
 15397 | D:9      | Found Ytsos's Magic Scroll Boutique.
 15408 | D:9      | Bought a scroll of identify for 22 gold pieces
 15408 | D:9      | Bought a scroll of identify for 22 gold pieces
 15408 | D:9      | Bought a scroll of identify for 22 gold pieces
 15412 | D:9      | Reached skill level 21 in Axes
 15412 | D:9      | Reached XP level 14. HP: 148/148 MP: 13/13
 15855 | D:9      | Found a staircase to the Lair.
 16064 | Lair:1   | Entered Level 1 of the Lair of Beasts
 16158 | Lair:1   | Received a gift from Trog
 16379 | Lair:1   | Reached XP level 15. HP: 152/155 MP: 14/14
 17338 | Lair:2   | Found a staircase to the Snake Pit.
 17344 | Lair:2   | Reached skill level 5 in Armour
 17426 | Lair:2   | Reached skill level 5 in Dodging
 18040 | Lair:3   | Received a gift from Trog
 18224 | Lair:3   | Found a staircase to the Swamp.
 19402 | Lair:4   | Found a viscous altar of Jiyva.
 19402 | Lair:4   | Found a staircase to the Slime Pits.
 19683 | Lair:5   | Entered Level 5 of the Lair of Beasts
 19972 | Lair:5   | Received a gift from Trog
 21567 | D:14     | Reached skill level 22 in Axes
 21835 | D:14     | Noticed Jorgrun
 21845 | D:14     | Killed Jorgrun
 22382 | D:14     | Noticed Frances
 22389 | D:14     | Killed Frances
 22743 | D:15     | Entered Level 15 of the Dungeon
 22743 | D:15     | Noticed Louise
 22746 | D:15     | Killed Louise
 22747 | D:15     | Reached XP level 16. HP: 167/167 MP: 15/15
 23073 | D:15     | Identified Roxanne's Omnibus of Shapeshifting
 23073 | D:15     | Noticed Roxanne
 23356 | D:15     | Noticed Agnes
 23358 | D:15     | Found Todoix's Book Shop.
 23361 | D:15     | Killed Agnes
 23542 | D:15     | Found Eguti's Distillery.
 23562 | D:15     | Received a gift from Trog
 23733 | D:15     | Bought a potion of curing for 45 gold pieces
 23733 | D:15     | Bought a potion of might for 60 gold pieces
 23733 | D:15     | Bought a potion of brilliance for 60 gold pieces
 23973 | D:15     | Found a staircase to the Depths.
 24091 | D:15     | Found Yxzuc's Distillery.
 24099 | D:15     | Bought a potion of invisibility for 144 gold pieces
 24099 | D:15     | Bought a potion of heal wounds for 90 gold pieces
 24099 | D:15     | Bought a potion of heal wounds for 90 gold pieces
 24099 | D:15     | Bought a potion of heal wounds for 90 gold pieces
 24133 | D:15     | Reached skill level 10 in Armour
 24406 | D:15     | Found Naihoiv's Antique Weapon Boutique.
 24447 | D:15     | Found Paigoec's Weapon Shoppe.
 24870 | Swamp:1  | Entered Level 1 of the Swamp
 26364 | Swamp:2  | Paralysed by a fenstrider witch for 5 turns
 26366 | Swamp:2  | Succumbed to poison

Illustrated notes

Levels and vault maps discovered:
D:1:      ncdulo_watergridlock, layout_basic
D:2:      layout_basic, shapermc_ecumenical_altar_rom_forum, minivault_14,
          chequers_arboretum
D:3:      layout_loops_ring, cheibrodos_ashenzari_chains,
          mainiacjoe_overflow_catwalk_spiral
D:4:      layout_gridville
D:5:      layout_basic, mainiacjoe_overflow_cross_hatched, serial_shops,
          nicolae_stop_n_shop_2, gup_sewer_entry_bowl, uniq_edmund
D:6:      layout_basic, nzn_wu_jian_council_hall, minmay_temple_entry_waves
D:7:      layout_rooms, uniq_maggie
D:8:      layout_rooms, marbit_many_paths, serial_undead, serial_undead_d,
          serial_undead_a, serial_undead_a, serial_undead_f, serial_undead_f,
          serial_undead_a, serial_bayou_crossing
D:9:      layout_long_grid, mainiacjoe_overflow_surrounded_room,
          erik_lair_dragon, serial_shops, shop, nicolae_shop_hallway_stairs,
          shop
D:10:     layout_gridville, nicolae_stop_n_shop_2, kennysheep_big_empty_room,
          introduction_to_nature_2
D:11:     lemuel_vampire_tower, layout_basic, orc_0_dummy, uniq_snorg
D:12:     layout_irregular_city
D:13:     layout_cross, david_vaults_4
D:14:     layout_loops_cross, minmay_staircase_bubble, uniq_jorgrun,
          uniq_frances
D:15:     grunt_enter_depths_magical_seal, layout_basic, serial_shops, shop,
          nicolae_shop_behind_doors, shop, shop, nicolae_lakefront_shop,
          chequers_jeans, uniq_louise, uniq_agnes, uniq_roxanne
Lair:1:   statuecave_lemuel, layout_regular_city, grunt_megastairs_4
Lair:2:   layout_loops_ring, minmay_snake_entry_six_corridors
Lair:3:   layout_misc_corridors, nicolae_swamp_entry_splash_gauntlet,
          patterned_corridor, infiniplex_staircase_pool
Lair:4:   layout_regular_city, dpeg_slime_entry_enclosed, roderic_batcave,
          minmay_lair_oklob_items, beast_lair_carwin_9
Lair:5:   minmay_lair_end_frog_pond, layout_gridlike,
          chequers_serial_rivers_micro_d, kennysheep_abandoned_house
Swamp:1:  layout_basic_swamp, evilmike_swamp_ruin_house_2, swamp_pool1,
          nicolae_swamp_small_spring
Swamp:2:  layout_basic_swamp, evilmike_swamp_ruin_rubble_2
Orc:1:    layout_diamond_mine, uniq_fannar, uniq_josephine
Orc:2:    st_orc_town, layout_diamond_mine, nicolae_volcano_entry_batcave

Skill      XL: |  1  2  3  4  5  6  7  8  9 10 11 12 13 14 15 16 |
---------------+-------------------------------------------------+-----
Fighting       | 4 5 6 7 8 10 12 14 16 17 20 21 | 21.9
Axes           | 4 5 6 7 8 10 12 14 16 19 21 22 | 22.7
Armour         | 3 4 8 10 | 10.5
Dodging        | 3 8 9 |  9.7

Action                   |  1- 3 |  4- 6 |  7- 9 | 10-12 | 13-15 | 16-18 || total
-------------------------+-------+-------+-------+-------+-------+-------++-------
Melee: Hand axe          |    84 |    79 |    46 |   150 |       |       ||   359
       Headbutt          |    14 |    17 |    36 |    78 |    95 |    20 ||   260
       Punch             |     1 |       |     2 |       |       |       ||     3
       War axe           |       |    32 |   128 |       |       |       ||   160
       Battleaxe         |       |       |       |   253 |    68 |       ||   321
       Executioner's axe |       |       |       |       |   469 |   133 ||   602
Invok: Berserk           |     1 |     1 |     2 |     9 |     7 |     2 ||    22
       Trog's Hand       |       |     2 |     1 |     2 |     8 |     4 ||    17
       Brothers in Arms  |       |       |       |       |       |     1 ||     1
  Use: Potion            |       |       |     7 |       |     1 |     3 ||    11
       Scroll            |       |       |       |    14 |    15 |     1 ||    30
 Stab: Sleeping          |       |       |       |       |     3 |       ||     3
Armor: Ring mail         |    17 |    33 |       |       |       |       ||    50
       Chain mail        |       |    29 |    94 |    39 |       |       ||   162
       Plate armour      |       |       |       |    72 |       |       ||    72
       Scale mail        |       |       |       |    18 |   142 |       ||   160
       Skin              |       |       |       |       |     3 |     9 ||    12
Dodge: Dodged            |    42 |    31 |    83 |    96 |   206 |    94 ||   552
Block: Other             |       |       |       |    28 |    88 |    32 ||   148
       Reflection        |       |       |       |     2 |     5 |     8 ||    15
